 Dungeon Crawl Stone Soup version 0.20-a0-201-g851c6fa (webtiles) character file.

240 patrickswayze the Sneak (level 5, -7/34 HPs)
             Began as a Deep Elf Chaos Knight on Nov 25, 2016.
             Killed by divine providence
             ... invoked by an orc priest
              (14 damage)
             ... on level 4 of the Dungeon.
             The game lasted 00:04:50 (2145 turns).

patrickswayze the Sneak (Deep Elf Chaos Knight)     Turns: 2145, Time: 00:04:50

Health: -7/34      AC:  5    Str:  9    XL:     5   Next: 80%
Magic:  7/7        EV: 17    Int: 17    God:    Xom [*.....]
Gold:   146        SH:  0    Dex: 16    Spells: 4/4 levels left

rFire  . . .     SeeInvis +     a - +0 short sword (chaos)
rCold  . . .     Gourm    .     b - +2 leather armour
rNeg   . . .     Faith    .     (no shield)
rPois  +         Spirit   .     (no helmet)
rElec  .         Reflect  .     (no cloak)
rCorr  .         Harm     .     (no gloves)
MR     .....                    (no boots)
Stlth  +++++.....               (no amulet)
                                i - ring of poison resistance
                                h - ring of see invisible

@: agile
A: clumsy 2, robust 1
a: Renounce Religion


You were on level 4 of the Dungeon.
You worshipped Xom.
You were a special plaything of Xom.
You were not hungry.

You visited 1 branch of the dungeon, and saw 3 of its levels.
You also visited: Ossuary.

You collected 146 gold pieces.


Innate Abilities, Weirdness & Mutations

You are very clumsy. (Dex -4)
You are robust. (+10% HP)


   Skills:
 - Level 2.4 Fighting
 - Level 3.0 Short Blades
 - Level 0.7 Armour
 - Level 2.4 Dodging
 + Level 7.5 Stealth


You had 4 spell levels left.
You didn't know any spells.

Inventory:

Hand Weapons
 a - a +0 short sword of chaos (weapon)
Missiles
 e - a throwing net (quivered)
Armour
 b - a +2 leather armour (worn)
Jewellery
 h - a ring of see invisible (left hand)
 i - a ring of poison resistance (right hand)
Wands
 l - a wand of hasting (3/9)
Scrolls
 f - 3 scrolls of remove curse
 k - 7 scrolls of identify
Potions
 d - a potion of agility
 j - a potion of flight {unknown}
 n - a potion of resistance {unknown}
 o - 2 potions of curing
Comestibles
 c - 2 bread rations
 g - 2 beef jerkies


Message History

An adder comes into view.
You feel agile all of a sudden. The orc misses you.
You hit the orc.
The orc is moving more slowly.
The orc is lightly wounded.
The orc priest calls down the wrath of Beogh upon you.
Beogh smites you!
You barely miss the orc.
Unknown command.
The orc misses you.
The orc stops moving altogether!
The orc priest calls down the wrath of Beogh upon you.
Beogh smites you!
* * * LOW HITPOINT WARNING * * *
"Get over here!"
The orc priest blinks!
The orc blinks!
The orc priest mumbles some strange prayers to Beogh against you.
Beogh smites you!
You die...
Xom howls with laughter!

#........# ##########.##.##..#
#........# ~S~~~~~.##.#..##..#
#........##########.##.#.###..#
#................¤...o.........
#........###....oo####...###..#
#........# #......# #..## #..#
#........# #.o.¤..# #o.# #..#
#........# #.o....# #.#####...
#........# ###@#### ##o# #.....
#........#####.######..# #.#.##
#...............o......# #.#.#.
####...##.####.#####...# #.#.#.
######.#.##.........##...# #.#.#.
.......#.#######.##o##...# #.#.#.
.(.....#..# #.##.##...###.#.#.
.......##.######.##o##.#...#.#.#.
##'##...............##.###.#.#.#.


You could see an orc priest and 3 orcs.

Vanquished Creatures
  2 hounds (D:4)
  3 human zombies (Ossuary)
  3 mummies (Ossuary)
  A gnoll (D:4)
  2 worms
  A leopard gecko (D:4)
  A giant cockroach (D:1)
  A gnoll zombie (Ossuary)
  4 hobgoblins
  3 kobolds (D:1)
  A bat (D:1)
  5 frilled lizards
  A goblin (D:1)
  A hobgoblin zombie (Ossuary)
  An orc zombie (Ossuary)
  6 rats
  A rat zombie (Ossuary)
37 creatures vanquished.

Vanquished Creatures (collateral kills)
  A human zombie (Ossuary)
  A gnoll zombie (Ossuary)
  A goblin zombie (Ossuary)
  A hobgoblin zombie (Ossuary)
4 creatures vanquished.

Vanquished Creatures (others)
  A mummy (Ossuary)
  A kobold zombie (Ossuary)
2 creatures vanquished.

Grand Total: 43 creatures vanquished

Notes
Turn   | Place    | Note
-------+----------+-------------------------------------------
     0 | D:1      | patrickswayze the Deep Elf Chaos Knight began the quest for the Orb.
     0 | D:1      | Reached XP level 1. HP: 13/13 MP: 3/3
    22 | D:1      | XOM: harmless Pois miscast
    52 | D:1      | Reached skill level 1 in Stealth
   102 | D:1      | XOM: cast spell 'Hydra Form'
   134 | D:1      | Reached skill level 2 in Stealth
   146 | D:1      | XOM: give mutations
   146 | D:1      | Gained mutation: You are clumsy. (Dex -2) [Xom's mischief]
   146 | D:1      | Gained mutation: You are very clumsy. (Dex -4) [Xom's mischief]
   146 | D:1      | Gained mutation: You are robust. (+10% HP) [Xom's mischief]
   179 | D:1      | Reached XP level 2. HP: 17/19 MP: 4/4
   451 | D:1      | XOM: mild Pois miscast
   528 | D:1      | XOM: medium Air miscast
   790 | D:2      | Reached skill level 3 in Stealth
   831 | D:2      | You fall through a shaft for 2 floors!
  1011 | D:4      | Found a staircase to the Ecumenical Temple.
  1066 | D:4      | XOM: god gift: ivory wand {god gift}
  1096 | D:4      | Found a sand-covered staircase.
  1101 | Ossuary  | Entered an ossuary
  1128 | Ossuary  | XOM: summons 2 friendly demons
  1137 | Ossuary  | Reached skill level 4 in Stealth
  1137 | Ossuary  | Reached XP level 3. HP: 8/24 MP: 5/5
  1143 | Ossuary  | HP: 4/24 [human zombie (4)]
  1147 | Ossuary  | Reached skill level 5 in Stealth
  1147 | Ossuary  | Reached XP level 4. HP: 5/29 MP: 6/6
  1156 | Ossuary  | HP: 5/29 [human zombie (1)]
  1168 | Ossuary  | XOM: confuse monster(s)
  1174 | Ossuary  | Reached skill level 6 in Stealth
  1477 | Ossuary  | Reached XP level 5. HP: 13/34 MP: 7/7
  1477 | Ossuary  | XOM: destruction
  1838 | D:4      | XOM: scenery: 1 doors close
  1854 | D:4      | Reached skill level 7 in Stealth
  1860 | D:4      | XOM is BORED!
  1860 | D:4      | XOM: confusion
  2082 | D:4      | XOM: silly message
  2145 | D:4      | XOM: blink monster(s)
  2145 | D:4      | Killed from afar by an orc priest

Vault maps used:
D:1:      roderic_crop_circles_arrival_small, corner_web_ring
D:2:      uniq_terence, uniq_iyjb
D:4:      enter_ossuary_2, first_bread, portal_sewer_entry_d,
          cheibrodos_gnoll_hut
Ossuary:  ossuary_minmay_tomb_2a

Action                   |  1- 3 |  4- 6 || total
-------------------------+-------+-------++-------
Melee: Short sword       |    78 |    64 ||   142
       Unarmed           |     2 |       ||     2
Throw: Throwing net      |       |     2 ||     2
Evoke: Wand              |     1 |       ||     1
  Use: Scroll            |     3 |     1 ||     4
       Potion            |     1 |     2 ||     3
 Stab: Confused          |     1 |     3 ||     4
       Sleeping          |     3 |     1 ||     4
       Paralysed         |     4 |       ||     4
       Petrified         |       |     2 ||     2
  Eat: Meat ration       |       |     1 ||     1
Armor: Leather armour    |    14 |     9 ||    23
       Skin              |     3 |       ||     3
Dodge: Dodged            |    32 |    34 ||    66
